Map: 바니 연구소 (공허의 유산)

Players

Miyakek - Winner!

  • Race: Terran Terran
  • League: Diamond
  • Spawn Location: 12:00

Vanadiel

  • Race: Zerg Zerg
  • League: Diamond
  • Spawn Location: 6:00

VOD

Have the link to the VOD?

Description

Time

  • Played on: Nov. 27, 2016, 4:53 p.m.
  • Length: 9:34
Show
View Real Time Build Order
Export as new Build Order

Miyakek Terran - Winner!

Build Orders: Command Center First (CC) 

Get SALT Encoding   

  12  0:01  SCV  
  13  0:13  SCV  
  14  0:18  Supply Depot  
  14  0:25  SCV  
  15  0:40  SCV  
  16  1:01  Command Center, SCV  
  17  1:12  Barracks  
  17  1:15  SCV  
  18  1:28  SCV  
  18  1:30  Refinery  
  18  1:31  Refinery  
  19  1:40  SCV  
  20  1:59  Orbital Command  
  20  2:00  Marine  
  21  2:08  Bunker  
  21  2:13  Orbital Command  
  21  2:31  Factory  
  21  2:33  SCV  
  21  2:36  Barracks Reactor  
  21  2:41  SCV  
  22  2:47  SCV  
  23  2:55  SCV  
  24  3:00  SCV  
  25  3:08  SCV  
  27  3:12  SCV  
  27  3:18  Factory  
  27  3:20  SCV  
  27  3:23  Hellion x2, Barracks Tech Lab  
  27  3:26  SCV  
  33  3:32  SCV  
  33  3:33  Supply Depot  
  35  3:44  Hellion  
  35  3:47  Supply Depot  
  35  3:48  Hellion  
  38  3:55  SCV  
  37  4:10  SCV  
  37  4:15  Hellion x2  
  37  4:16  Infernal Pre-Igniter  
  43  4:18  Siege Tank  
  43  4:22  SCV  
  44  4:25  SCV  
  45  4:32  Barracks Tech Lab  
  45  4:34  SCV  
  45  4:35  Supply Depot  
  46  4:39  SCV  
  46  4:41  Hellion x2  
  51  4:46  SCV  
  51  4:51  SCV  
  53  4:57  Siege Tank, Marine  
  53  4:58  SCV  
  58  5:03  SCV  
  58  5:04  Barracks  
  58  5:05  Supply Depot  
  58  5:06  Barracks  
  59  5:08  Supply Depot  
  59  5:10  SCV  
  60  5:15  Hellion  
  60  5:16  Supply Depot  
  62  5:27  Hellion  
  64  5:30  Marauder  
  64  5:31  Stimpack  
  64  5:34  Siege Tank  
  69  5:36  SCV  
  69  5:37  SCV  
  71  5:54  SCV x2  
  71  6:05  Hellion  
  71  6:06  Hellion, SCV, Barracks Tech Lab  
  71  6:07  Barracks Tech Lab  
  71  6:10  SCV, Starport  
  71  6:11  Supply Depot  
  75  6:13  Siege Tank, Supply Depot  
  79  6:18  SCV  
  79  6:23  SCV  
  80  6:28  Marauder  
  80  6:29  Marauder x2  
  87  6:32  SCV  
  87  6:34  Supply Depot  
  87  6:35  SCV  
  87  6:36  Supply Depot  
  87  6:38  Hellion x2  
  92  6:47  Starport Reactor, Supply Depot  
  92  6:48  Supply Depot  
  92  6:49  Refinery  
  92  6:50  Marauder  
  92  6:52  SCV x2  
  96  6:54  Refinery  
  96  7:05  Armory  
  96  7:08  Marauder  
  98  7:09  Marauder  
  98  7:10  Supply Depot  
  100  7:17  Marauder  
  102  7:29  Marauder  
  104  7:31  Hellion x2  
  104  7:35  Medivac  
  104  7:36  Medivac  
  112  7:40  Supply Depot  
  112  7:41  Supply Depot  
  112  7:47  Marauder  
  112  7:48  Marauder  
  116  8:01  Thor  
  116  8:03  Hellion x2  
  118  8:17  Marauder x3  
  124  8:24  Hellion x2  
  128  8:39  Marauder x2  
  128  8:50  Marauder  
  128  8:53  Medivac  
  128  8:54  Medivac  
  128  9:00  Marauder x2  
  122  9:11  Marauder  
Show
View Real Time Build Order
Export as new Build Order

Vanadiel Zerg 

Build Orders: Hatch First, Swarm Host 

Get SALT Encoding   

  12  0:01  Drone  
  13  0:13  Overlord  
  13  0:19  Drone  
  14  0:32  Drone x2  
  14  0:35  Drone  
  17  0:54  Hatchery  
  17  0:56  Drone  
  17  0:59  Drone  
  18  1:10  Extractor  
  17  1:16  Spawning Pool  
  16  1:20  Drone  
  16  1:22  Drone  
  18  1:29  Drone  
  19  1:45  Overlord  
  19  2:04  Queen  
  19  2:05  Queen  
  19  2:06  Zergling x4  
  19  2:08  Zergling x2  
  26  2:13  Drone  
  26  2:14  Metabolic Boost  
  27  2:22  Drone x2  
  29  2:39  Hatchery  
  28  2:45  Drone x2  
  28  2:49  Drone  
  28  2:51  Drone x2  
  33  2:59  Queen  
  35  3:06  Evolution Chamber  
  35  3:10  Drone x2  
  36  3:23  Overlord  
  36  3:35  Zerg Melee Weapons Level 1  
  36  3:41  Queen  
  36  3:43  Drone x5  
  36  3:44  Drone  
  44  3:49  Overlord  
  44  4:00  Drone x6  
  50  4:09  Drone x4  
  52  4:16  Queen  
  53  4:20  Queen, Spine Crawler  
  54  4:26  Extractor, Spore Crawler  
  54  4:27  Extractor  
  54  4:28  Drone x2  
  53  4:35  Drone x5  
  58  4:42  Overlord x2  
  58  4:46  Extractor  
  58  4:49  Pneumatized Carapace  
  57  4:57  Zergling x2  
  58  5:03  Overlord  
  58  5:06  Drone x4  
  58  5:07  Drone x4  
  66  5:11  Zergling x8  
  70  5:15  Lair  
  70  5:23  Drone x6  
  76  5:28  Zergling x2  
  76  5:29  Zergling x4  
  76  5:30  Baneling Nest  
  78  5:40  Zergling x2  
  78  5:41  Zergling x6  
  81  6:00  Zergling x2  
  81  6:01  Zergling x6  
  80  6:09  Overlord x2  
  80  6:10  Overlord  
  80  6:12  Centrifical Hooks  
  80  6:14  Zerg Missile Weapons Level 1  
  80  6:17  Drone  
  81  6:19  Infestation Pit  
  81  6:25  Drone x5  
  81  6:28  Overlord  
  81  6:32  Extractor  
  80  6:33  Extractor  
  79  6:44  Drone x5  
  79  6:45  Drone  
  85  6:53  Overlord x2  
  85  6:55  Roach Warren  
  85  6:57  Hatchery  
  83  7:04  Burrow  
  83  7:06  Drone  
  83  7:07  Drone x2  
  86  7:09  Baneling x2  
  86  7:10  Baneling x2  
  86  7:21  Swarm Host x5  
  86  7:22  Swarm Host x3  
  110  7:30  Swarm Host x3  
  110  7:34  Glial Reconstitution  
  119  7:37  Drone x4  
  119  7:39  Drone x3  
  126  7:51  Spore Crawler, Spine Crawler  
  125  7:53  Swarm Host  
  125  7:58  Overlord x4  
  127  8:09  Evolution Chamber  
  124  8:16  Roach  
  124  8:17  Roach x9  
  144  8:27  Baneling  
  144  8:28  Baneling x8  
  144  8:31  Roach  
  144  8:32  Roach x5  
  156  8:53  Roach x6  
  142  9:10  Zergling x8  
  142  9:11  Zergling x6  
  132  9:23  Hatchery  
Tags
 
Add a new tag
Caveats
  • Supply blocks, unpowered buildings, or Contaminate may cause inaccurate times.
  • Supply counts are checked every 10 seconds.